 Dungeon Crawl Stone Soup version 0.31-a0-977-gc230f8ef24 (webtiles) character file.

Game seed: 13177165726078660605

63 Spaninq the Twirler (level 4, 35/35 HPs)
             Began as a Barachi Gladiator on Oct 29, 2023.
             Was a Follower of Fedhas.
             Quit the game on level 2 of the Dungeon.
             The game lasted 00:02:47 (1196 turns).

Spaninq the Twirler (Barachi Gladiator)             Turns: 1196, Time: 00:02:47

Health: 35/35      AC: 11    Str: 17    XL:     4   Next: 10%
Magic:  4/4        EV: 10    Int:  9    God:    Fedhas [*.....]
Gold:   93         SH:  0    Dex: 13    Spells: 3/3 levels left

rFire   . . .        a - +0 quarterstaff
rCold   . . .        (shield currently unavailable)
rNeg    . . .        g - +0 plate armour
rPois   .            c - +0 helmet
rElec   .            (no cloak)
rCorr   .            (no gloves)
SInv    .            (no boots)
Will    .....        (no amulet) Stlth
                     i - +5 ring of evasion
HPRegen 0.25/turn    (no ring)
MPRegen 0.09/turn

%: no passive effects
@: slow
A: amphibious, slowness 1, strong legs 1, +LOS
a: Hop, Renounce Religion


You were on level 2 of the Dungeon.
You worshipped Fedhas.
Fedhas was aware of your devotion.
You visited 1 branch of the dungeon, and saw 2 of its levels.

You collected 93 gold pieces.

Inventory:

Hand Weapons
 a - a +0 quarterstaff (weapon)
Missiles
 d - 3 throwing nets (quivered)
 e - a javelin
Armour
 c - a +0 helmet (worn)
 g - a +0 plate armour (worn)
Jewellery
 h - a +6 ring of intelligence
 i - a +5 ring of evasion (left hand)
Scrolls
 b - 4 scrolls of identify {unknown}
 f - a scroll of noise {unknown}
 j - a scroll of vulnerability {unknown}
 l - a scroll of amnesia {unknown}
 m - a scroll of fear {unknown}
Potions
 k - a potion of curing {unknown}


   Skills:
 + Level 3.2 Fighting
 * Level 4.4 Staves
 - Level 2.0 Throwing
 + Level 2.0 Armour
 - Level 3.2 Dodging


You had 3 spell levels left.
You didn't know any spells.
Your spell library was empty.

Dungeon Overview and Level Annotations

Branches:
Dungeon (2/15)

Altars:
Fedhas


Innate Abilities, Weirdness & Mutations

You are amphibious.
You cover ground slowly.
You can hop short distances.
You have an extended range of vision and can be seen from far away.


Message History

You hit the adder but do no damage.
The adder is almost dead.
The adder bites you but does no damage.
You sock the adder!
You kill the adder!
Your Armour skill increases to level 2!
You have reached level 4!
You feel clever.
The frilled lizard bites you but does no damage.
You closely miss the frilled lizard. The frilled lizard barely misses you.
You closely miss the frilled lizard. The frilled lizard barely misses you.
You hit the frilled lizard.
You kill the frilled lizard!
A rat comes into view.
A rat is nearby!
Found a faded altar of an unknown god.
You barely miss the rat. The rat bites you.
You closely miss the rat. The rat closely misses you.
You hit the rat.
The rat is moderately wounded.
The rat bites you but does no damage.
You barely miss the rat.
The rat is moderately wounded.
The rat bites you but does no damage.
You closely miss the rat.
The rat is moderately wounded.
The rat bites you but does no damage.
You sock the rat!
You kill the rat!
m - a scroll labelled KIXIPO COUST You see here a rat corpse.
There is a shaft here.
There is a faded altar of an unknown god here.
This altar belongs to (a) Okawaru, (b) the Shining One or (c) Fedhas, but you can't tell which.
Press the corresponding letter to learn more about a god, or press enter to convert or escape to cancel.
Okay, then.
This altar belongs to (a) Okawaru, (b) the Shining One or (c) Fedhas, but you can't tell which.
Press the corresponding letter to learn more about a god, or press enter to convert or escape to cancel.
Fedhas accepts your prayer! Fedhas welcomes you!
The plants of the dungeon cease their hostilities.
Are you sure you want to abandon this character and quit the game? (Confirm with "yes".)

.# #.# #..#...#####
.# #.#######...#.#.#
.# #.##.....).....#
####.##..#.......##
#
......#.##.##...#.#
.#
........##.##..###.#
#. #####.>......)..#
###. ##..##.#######
#. ##.##.##..^@##.
#..#.#..####.#
#.#...#.####.#
#............#
####†##.######
#.........
####.##### #.# #.#


There were no monsters in sight!

Vanquished Creatures
  3 adders (D:2)
  A dart slug (D:1)
  3 endoplasms (D:1)
  3 hobgoblins (D:1)
  7 jackals
  3 quokkas (D:1)
  3 ball pythons
  A frilled lizard (D:2)
  3 goblins
  5 rats
32 creatures vanquished.

Notes
Turn   | Place    | Note
-------+----------+-------------------------------------------
     0 | D:1      | Spaninq the Barachi Gladiator began the quest for the Orb.
     0 | D:1      | Reached XP level 1. HP: 17/17 MP: 1/1
   247 | D:1      | Reached XP level 2. HP: 23/23 MP: 2/2
   254 | D:1      | Reached skill level 1 in Armour
   546 | D:1      | Reached XP level 3. HP: 25/28 MP: 3/3
   588 | D:1      | Reached skill level 4 in Staves
  1153 | D:2      | Reached XP level 4. HP: 35/35 MP: 4/4
  1167 | D:2      | Found a faded altar of an unknown god.
  1195 | D:2      | Prayed at the altar of an unknown god.
  1195 | D:2      | Became a worshipper of Fedhas Madash
  1195 | D:2      | Reached * piety under Fedhas
  1196 | D:2      | Quit the game

Illustrated notes

Levels and vault maps discovered:
D:1:      dpeg_arrival_more_subterranean_lakeside_camping, layout_basic
D:2:      layout_loops_ring, hellmonk_ecumenical_altar_leap_of_faith

Skill      XL: |  1  2  3 |
---------------+----------+-----
Armour         | 1 2 |  2.0
Staves         | 4 |  4.4
Fighting       | 3 |  3.2
Throwing       | |  2.0
Dodging        | |  3.2

Action                     |  1- 3 |  4- 6 || total
---------------------------+-------+-------++-------
  Melee: Quarterstaff      |    81 |     9 ||    90
 Armour: Plate armour      |    54 |     5 ||    59
         Leather armour    |     1 |       ||     1
  Dodge: Dodged            |    25 |     3 ||    28

Table legend: (Time is in decaauts)
 A = Elapsed time spent in this place.
 B = Non-inter-level travel time spent in this place.
 C = Inter-level travel time spent in this place.
 D = Time resting spent in this place.
 E = Time spent auto-exploring this place.
 F = Levels seen in this place.
 G = Mean time per level.
                   A        B        C        D        E       F      G
               +--------+--------+--------+--------+--------+-----+--------+
         Total |   1383 |   1362 |     21 |      0 |   1092 |   2 |  691.5 |
       Dungeon |   1383 |   1362 |     21 |      0 |   1092 |   2 |  691.5 |
               +--------+--------+--------+--------+--------+-----+--------+

Top non-repeatable levels by time:
     D:1: 945 daAuts
     D:2: 438 daAuts
